 Dungeon Crawl Stone Soup version 0.26-a0-466-g989023bd0d (webtiles) character file.

Game seed: 15229996145879245614

9 Inarius the Sneak (level 2, 0/16 HPs)
             Began as a Kobold Wanderer on Aug 14, 2020.
             Slain by a rat (2 damage)
             ... on level 1 of the Dungeon.
             The game lasted 00:00:36 (517 turns).

Inarius the Sneak (Kobold Wanderer)                  Turns: 517, Time: 00:00:37

Health: 0/16       AC:  2    Str: 12    XL:     2   Next: 25%
Magic:  5/5        EV: 13    Int: 12    God:
Gold:   17         SH:  0    Dex: 12    Spells: 5/5 levels left

rFire    . . .     SeeInvis .   g - +0 dagger
rCold    . . .     Faith    .   (shield restricted)
rNeg     . . .     Spirit   .   d - +0 robe
rPois    .         Reflect  .   (no helmet)
rElec    .         Harm     .   (no cloak)
rCorr    .                      (no gloves)
MR       .....                  (no boots)
Stlth    ++++......             (no amulet)
HPRegen  0.05/turn              (no ring)
MPRegen  0.09/turn              (no ring)

@: no status effects
A: small, nightstalker 3
a: no special abilities


You were on level 1 of the Dungeon.
You visited 1 branch of the dungeon, and saw 1 of its levels.

You collected 17 gold pieces.

Inventory:

Hand Weapons
 f - a +0 dagger
 g - a +0 dagger (weapon)
Armour
 d - a +0 robe (worn)
Jewellery
 j - an uncursed amulet of faith {unknown}
Scrolls
 b - a scroll of teleportation
 e - a scroll of identify {unknown}
 k - a scroll of noise {unknown}
Potions
 a - a potion of berserk rage {unknown}
 c - a potion of lignification
 h - a potion of curing {unknown}
 i - a potion of magic {unknown}


   Skills:
 + Level 1.1 Fighting
 * Level 0.6 Short Blades
   Level 1.0 Staves
 + Level 4.7 Stealth
 + Level 2.3 Spellcasting
   Level 3.0 Translocations


You had 5 spell levels left.
You didn't know any spells.
Your spell library contained the following spells:

 Spells                   Type           Power        Failure   Level
 Blink                    Tloc           N/A          12%         2
 Gell's Gravitas          Tloc           #.........   24%         3
 Lesser Beckoning         Tloc           #.........   24%         3
 Teleport Other           Tloc           #.......     24%         3
 Passage of Golubria      Tloc           N/A          61%         4


Dungeon Overview and Level Annotations

Branches:
Dungeon (1/15)

Altars:


Innate Abilities, Weirdness & Mutations

You are small and have problems with some larger weapons.
You are completely attuned to the shadows.


Message History

You closely miss the rat. The rat bites you.
* * * LOW HITPOINT WARNING * * *
You hit the rat.
The rat is moderately wounded.
The rat closely misses you.
You hit the rat but do no damage.
The rat is moderately wounded.
The rat barely misses you.
You barely miss the rat.
The rat is moderately wounded.
The rat completely misses you.
You barely miss the rat.
The rat is moderately wounded.
You closely miss the rat.
The rat is moderately wounded.
The rat bites you.
* * * LOW HITPOINT WARNING * * *
Found 24 sling bullets.
The rat bites you.
You die...

#.# #.# #..###...
#.# #.# #........
#.# #.. #.#.#####
#.# #.####. #. .#
#.###..#(....
#.##.....#..#
#.##.#..##...
#####.##..r....#
......##.@##.⌠.##
####..###..#.....
#..# ##...##.#
#..# ###.#..# #..#
###..).# #####..#
#.......
#......####.###.##
#.###.#...........
#.#.#........#


You could see a rat.

Vanquished Creatures
  2 goblins (D:1)
  A hobgoblin (D:1)
  2 kobolds (D:1)
  A bat (D:1)
  3 frilled lizards (D:1)
  A rat (D:1)
10 creatures vanquished.

Notes
Turn   | Place    | Note
-------+----------+-------------------------------------------
     0 | D:1      | Inarius the Kobold Wanderer began the quest for the Orb.
     0 | D:1      | Inarius set off with the following items: a +0 club, a
                  | scroll of teleportation, a potion of lignification, a +0
                  | robe, a +0 dagger; and the following spells available to
                  | memorise: Blink, Gell's Gravitas, Lesser Beckoning,
                  | Teleport Other, Passage of Golubria
     0 | D:1      | Reached XP level 1. HP: 12/12 MP: 3/3
    74 | D:1      | Reached XP level 2. HP: 16/16 MP: 5/5
   517 | D:1      | Slain by a rat

Illustrated notes

Levels and vault maps discovered:
D:1:      minmay_arrival_radiant_lines, layout_loops_ring,
          minmay_misc_feat_pillars, chequers_garden,
          chequers_serial_rivers_room_b, chequers_big_river, minmay_tromino_v4_c

Action                   || total
-------------------------++-------
Melee: Dagger            ||    27
       Club              ||     5
 Stab: Sleeping          ||     6
Armor: Robe              ||     5
Dodge: Dodged            ||    18

Table legend: (Time is in decaauts)
 A = Elapsed time spent in this place.
 B = Non-inter-level travel time spent in this place.
 C = Inter-level travel time spent in this place.
 D = Time resting spent in this place.
 E = Time spent auto-exploring this place.
 F = Levels seen in this place.
 G = Mean time per level.
                   A        B        C        D        E       F      G
               +--------+--------+--------+--------+--------+-----+--------+
         Total |    522 |    522 |      0 |     70 |    358 |   1 |  522.0 |
       Dungeon |    522 |    522 |      0 |     70 |    358 |   1 |  522.0 |
               +--------+--------+--------+--------+--------+-----+--------+

Top non-repeatable levels by time:
     D:1: 522 daAuts
